 Dungeon Crawl Stone Soup version 0.31-a0-1496-g79c7dd0eeb (webtiles) character file.

Game seed: 17346026919395246480

996 Dirian the Slasher (level 8, -6/48 HPs)
             Began as a Tengu Fighter on Dec 29, 2023.
             Was a Believer of Nemelex Xobeh.
             Mangled by Duvessa
             ... wielding a +0 rapier
              (7 damage)
             ... on level 7 of the Dungeon.
             The game lasted 00:11:09 (4582 turns).

Dirian the Slasher (Tengu Fighter)                  Turns: 4582, Time: 00:11:10

Health: -6/48      AC: 11    Str: 17    XL:     8   Next: 19%
Magic:  0/11       EV: 14    Int:  9    God:    Nemelex Xobeh [**....]
Gold:   389        SH:  5    Dex: 15    Spells: 7/7 levels left

rFire   . . .        a - +1 long sword
rCold   . . .        c - +0 buckler
rNeg    . . .        b - +0 scale mail
rPois   .            h - +2 hat
rElec   .            q - +0 cloak
rCorr   .            g - +0 pair of gloves
SInv    .            (boots unavailable)
Will    .....        j - amulet of guardian spirit Stlth
                     (no ring)
HPRegen 0.28/turn    (no ring)
MPRegen 0.12/turn

%: acrobat, guardian spirit
@: lit by a corona, attractive, flying, glowing
A: beak, talons 3, evasive flight, acrobatic
a: Renounce Religion, Draw Escape, Draw Destruction, Draw Summoning


You were on level 7 of the Dungeon.
You worshipped Nemelex Xobeh.
Nemelex Xobeh was pleased with you.
You visited 1 branch of the dungeon, and saw 7 of its levels.

You collected 389 gold pieces.

Inventory:

Hand Weapons
 a - a +1 long sword (weapon)
Missiles
 n - 3 boomerangs
Armour
 b - a +0 scale mail (worn)
 c - a +0 buckler (worn)
 g - a +0 pair of gloves (worn)
 h - a +2 hat (worn)
 m - a +0 chain mail
 q - a +0 cloak (worn)
Jewellery
 j - an amulet of guardian spirit (around neck)
 l - an amulet of magic regeneration
Wands
 o - a wand of flame (28)
 r - a wand of quicksilver (8)
Scrolls
 k - a scroll of fear
 z - a scroll of blinking
Potions
 e - a potion of brilliance
 f - a potion of resistance {unknown}
 i - 3 potions of heal wounds {unknown}
 p - a potion of attraction
 s - a potion of enlightenment {unknown}


   Skills:
 + Level 4.7 Fighting
 + Level 6.9 Long Blades
 - Level 5.0 Armour
 + Level 2.0 Dodging
 + Level 4.0 Shields
 * Level 2.7 Invocations


You had 7 spell levels left.
You didn't know any spells.
Your spell library contained the following spells:

 Spells                   Type           Power      Damage    Failure   Level
 Freeze                   Ice            0%         1d3       85%         1
 Shock                    Conj/Air       0%         1d3       85%         1
 Frozen Ramparts          Ice            0%         1d1       99%         3
 Hailstorm                Conj/Ice       0%         3d5       99%         3
 Swiftness                Air            0%         N/A       99%         3
 Airstrike                Air            0%         2d(0-16)  100%        4


Dungeon Overview and Level Annotations

Branches:
Dungeon (6/15) Zot: 26978
 Temple: D:4-7

Altars:
Ashenzari
Dithmenos
Kikubaaqudgha
Nemelex Xobeh
Ru
Wu Jian

Shops:
D:2 *

Annotations:
D:3 1 transporter
D:7 Duvessa


Innate Abilities, Weirdness & Mutations

You have a beak for a mouth.
You have claws for feet.
Your magical flight helps you evade attacks. (EV +4)
You can magically evade attacks while moving or waiting.


Message History

Dowan points at you and mumbles some strange words.
The puff of frost hits you but does no damage.
You completely miss Dowan. Your kick misses Dowan.
Dowan is lightly wounded.
You block Duvessa's attack.
Duvessa zaps a wand.
The puff of flame misses you. Dowan hits you but does no damage.
You hit Dowan. You claw Dowan! You peck Dowan, but do no damage.
Dowan is heavily wounded.
Duvessa hits you with a +0 rapier. Dowan completely misses you.
Duvessa closely misses you.
You barely miss Dowan. Your kick misses Dowan. You peck Dowan.
Dowan is severely wounded.
Duvessa closely misses you. Dowan hits you with a +0 dagger.
Duvessa zaps a wand.
The puff of flame hits you.
You hit Dowan.
Dowan is severely wounded.
You block Dowan's attack. You block Duvessa's attack.
You closely miss Dowan. You peck Dowan.
Dowan is almost dead.
Duvessa misses you. Dowan casts a spell at you.
You are outlined in light.
Duvessa completely misses you.
You slash Dowan!
You kill Dowan!
Duvessa screams in rage.
Duvessa goes berserk!
Duvessa barely misses you.
Your Dodging skill increases to level 2!
You barely miss Duvessa. You claw Duvessa! You peck Duvessa.
Duvessa is lightly wounded.
Duvessa hits you with a +0 rapier! Duvessa closely misses you.
You barely miss Duvessa. You claw Duvessa.
Duvessa is moderately wounded.
Duvessa hits you with a +0 rapier!
You hit Duvessa. Your kick misses Duvessa. Your peck misses Duvessa.
Duvessa is moderately wounded.
Duvessa hits you with a +0 rapier!
* * * LOW HITPOINT WARNING * * *
Duvessa hits you with a +0 rapier!
You die...
Your body disappears without additional glow.

#.###.
.#...######
..........#
........(.#
.........#
.......#
#e....#
+@)...#
#.....#
#.....#
#.....#
#######


You could see Duvessa (berserk, fast).

Vanquished Creatures
  Menkaure (D:6)
  A centaur (D:6)
  4 wights (D:6)
  Dowan (D:7)
  A bombardier beetle (D:6)
  A hound (D:6)
  A gnoll bouda (D:4)
  An orc priest (D:4)
  2 sleepcaps
  2 iguanas
  8 gnolls
  11 adders
  2 white imps
  2 ufetubi (D:6)
  3 worms (D:2)
  2 dart slugs
  12 orcs
  5 ball pythons
  6 endoplasms
  9 giant cockroaches
  8 goblins
  6 hobgoblins
  3 jackals
  3 quokkas
  5 bats
  2 frilled lizards
  2 kobolds
  8 rats
112 creatures vanquished.

Notes
Turn   | Place    | Note
-------+----------+-------------------------------------------
     0 | D:1      | Dirian the Tengu Fighter began the quest for the Orb.
     0 | D:1      | Reached XP level 1. HP: 14/14 MP: 2/2
   230 | D:1      | Reached XP level 2. HP: 19/19 MP: 3/3
   419 | D:1      | Reached XP level 3. HP: 23/23 MP: 4/4
   814 | D:2      | Reached skill level 3 in Long Blades
   883 | D:2      | Found Canurgh's Assorted Antiques.
   891 | D:2      | Reached XP level 4. HP: 28/28 MP: 5/5
  1686 | D:3      | Reached XP level 5. HP: 32/33 MP: 6/6
  1943 | D:3      | Reached skill level 4 in Long Blades
  2102 | D:3      | Found a sparkling altar of Nemelex Xobeh.
  2102 | D:3      | Found a transporter.
  2279 | D:3      | Found an ancient bone altar of Kikubaaqudgha.
  2356 | D:3      | Became a worshipper of Nemelex Xobeh the Trickster
  2902 | D:4      | Reached * piety under Nemelex Xobeh
  2992 | D:4      | Reached XP level 6. HP: 22/38 MP: 7/7
  3178 | D:4      | Reached skill level 1 in Dodging
  3281 | D:4      | Received a gift from Nemelex Xobeh
  3310 | D:5      | Entered Level 5 of the Dungeon
  3317 | D:5      | Found an ornate altar of the Wu Jian Council.
  3515 | D:5      | Reached skill level 5 in Long Blades
  3909 | D:5      | Found a sacrificial altar of Ru.
  4140 | D:6      | Found a shadowy altar of Dithmenos.
  4177 | D:6      | Reached skill level 1 in Invocations
  4177 | D:6      | Gained mutation: Your magical flight helps you evade
                  | attacks. (EV +4) [Tengu growth]
  4177 | D:6      | Reached XP level 7. HP: 43/43 MP: 8/8
  4200 | D:6      | Reached skill level 5 in Armour
  4213 | D:6      | Found a broken altar of Ashenzari.
  4264 | D:6      | Received a gift from Nemelex Xobeh
  4336 | D:6      | Reached skill level 6 in Long Blades
  4395 | D:6      | Noticed Menkaure
  4404 | D:6      | Killed Menkaure
  4405 | D:6      | Reached XP level 8. HP: 32/48 MP: 6/10
  4562 | D:6      | You are sucked into a shaft and drop 1 floor!
  4562 | D:7      | Reached ** piety under Nemelex Xobeh
  4567 | D:7      | Noticed Dowan
  4570 | D:7      | Noticed Duvessa
  4579 | D:7      | Killed Dowan
  4582 | D:7      | HP: 1/48 [Duvessa/+0 rapier (14)]
  4582 | D:7      | Mangled by Duvessa

Illustrated notes

Levels and vault maps discovered:
D:1:      nicolae_arrival_somewhat_less_tricky_arrival, layout_loops_ring
D:2:      layout_basic, serial_shops, nicolae_square_shop
D:3:      minmay_roachtagon, layout_loops_ring, mainiacjoe_overflow_alcove_2,
          grunt_nemelex_the_gamble, st_stairs_9, minmay_misc_feat_roman
D:4:      layout_gridville
D:5:      layout_rooms, lemuel_crystal_altar, amcnicky_altar_gilded
D:6:      layout_loops_cross, mainiacjoe_overflow_boulevard, marbit_many_paths,
          mainiacjoe_overflow_brackets, evilmike_ruin_ashenzari,
          portal_sewer_entry_f, uniq_menkaure
D:7:      layout_basic, minmay_temple_entry_hall, uniq_maurice, uniq_duvessa,
          uniq_prince_ribbit1

Skill      XL: |  1  2  3  4  5  6  7  8 |
---------------+-------------------------+-----
Long Blades    | 3 4 5 6 |  6.9
Armour         | 4 5 |  5.0
Fighting       | 4 |  4.7
Dodging        | 1 2 |  2.0
Invocations    | 1 2 |  2.7
Shields        | 4 |  4.0

Action                     |  1- 3 |  4- 6 |  7- 9 || total
---------------------------+-------+-------+-------++-------
  Melee: Long sword        |    67 |   177 |    62 ||   306
         Kick              |    14 |    50 |    21 ||    85
         Peck              |     8 |    25 |    20 ||    53
    Use: Scroll            |       |    10 |     1 ||    11
         Potion            |       |     2 |     2 ||     4
 Armour: Scale mail        |    38 |   123 |    36 ||   197
  Dodge: Dodged            |    38 |   110 |    58 ||   206
  Block: Buckler           |     7 |    53 |    16 ||    76

Table legend: (Time is in decaauts)
 A = Elapsed time spent in this place.
 B = Non-inter-level travel time spent in this place.
 C = Inter-level travel time spent in this place.
 D = Time resting spent in this place.
 E = Time spent auto-exploring this place.
 F = Levels seen in this place.
 G = Mean time per level.
                   A        B        C        D        E       F      G
               +--------+--------+--------+--------+--------+-----+--------+
         Total |   4651 |   4351 |    300 |    113 |   3070 |   7 |  664.4 |
       Dungeon |   4651 |   4351 |    300 |    113 |   3070 |   7 |  664.4 |
               +--------+--------+--------+--------+--------+-----+--------+

Top non-repeatable levels by time:
     D:4: 1038 daAuts
     D:3: 844 daAuts
     D:2: 840 daAuts
     D:1: 769 daAuts
     D:5: 702 daAuts
     D:6: 436 daAuts
     D:7: 20 daAuts
